 Dungeon Sprint DCSS version 0.19-a0-1005-gf5a4b3b (webtiles) character file.

623 Groucho the Skirmisher (level 7, 0/73 HPs)
             Began as a Naga Fighter on July 19, 2016.
             Was a Follower of Cheibriados.
             Slain by a black bear (7 damage)
             ... in the Dungeon (Sprint IX: "|||||||||||||||||||||||||||||").
             The game lasted 00:02:54 (521 turns).

Groucho the Skirmisher (Naga Fighter)                Turns: 521, Time: 00:02:54

Health: 0/73       AC: 12    Str: 21    XL:     7   Next: 46%
Magic:  10/11      EV:  9    Int: 12    God:    Cheibriados [*.....]
Gold:   0          SH: 11    Dex: 18    Spells: 0 memorised, 10 levels left

rFire  . . .     SeeInvis +     o - +3 war axe (chop)
rCold  . . .     Gourm    .     q - +1 scale mail
rNeg   . . .     Faith    .     c - +0 shield
rPois  +         Spirit   .     p - +0 helmet
rElec  .         Dismiss  .     (no cloak)
rCorr  .         Reflect  .     a - +0 pair of gloves
SustAt .         Harm     .     (no barding)
MR     .....     NoTele   +     (no amulet)
Stlth  ..........               b - +3 ring of dexterity
                                r - +2 ring of protection

@: very slightly contaminated, very slow, not resistant to hostile enchantments,
extremely unstealthy
A: see invisible, deformed body, poison resistance, slowness 2, slow metabolism
1, spit poison 2, AC +2
a: Spit Poison, Bend Time, Renounce Religion


You were in the Dungeon.
You worshipped Cheibriados.
Cheibriados was aware of your devotion.
You were not hungry.

You visited 1 branch

Inventory:

Hand Weapons
 o - a +3 war axe of chopping (weapon)
Armour
 a - a +0 pair of gloves (worn)
 c - a +0 shield (worn)
 p - a +0 helmet (worn)
 q - a +1 scale mail (worn)
Jewellery
 b - a +3 ring of dexterity (right hand)
 r - a +2 ring of protection (left hand)
Wands
 n - a wand of iceblast (6/15)
Scrolls
 k - a scroll of blinking
 l - 3 scrolls of remove curse
 m - 2 scrolls of amnesia
Potions
 d - a potion of might
 h - a potion of curing
 i - 4 potions of magic
 j - a potion of berserk rage
Comestibles
 f - a bread ration


   Skills:
 * Level 7.6 Fighting
 * Level 7.3 Axes
 * Level 6.4 Armour
 + Level 3.7 Dodging
 + Level 5.4 Shields
 - Level 2.2 Spellcasting
 * Level 6.1 Invocations


You had 10 spell levels left.
You didn't know any spells.

Dungeon Overview and Level Annotations

Branches:
Dungeon (1/1)

Altars:
Cheibriados
Dithmenos
Elyvilon
Fedhas
Gozag
Hepliaklqana
Kikubaaqudgha
Makhleb
Nemelex Xobeh
Okawaru
Pakellas
Qazlal
Ru
Sif Muna
Trog
Uskayaw
Vehumet
Xom
Yredelemnul
Zin
The Shining One
Beogh
Jiyva
Lugonu


Innate Abilities, Weirdness & Mutations

You cannot wear boots.
Your serpentine skin is tough. (AC +2)
You have supernaturally acute eyesight. (SInv)
Armour fits poorly on your strangely shaped body.
Your system is resistant to poisons. (rPois)
You cover ground very slowly.
You have a slow metabolism.
You can spit poison.


Message History

The black bear bites you but does no damage.
The black bear barely misses you. You block the black bear's attack.
You feel better.
The black bear bites you but does no damage.
The black bear claws you but does no damage.
The black bear claws you.
* * * LOW HITPOINT WARNING * * *
You closely miss the black bear.
The black bear is moderately wounded.
You block the black bear's attack.
The black bear claws you but does no damage. x2
You hit the black bear.
The black bear is moderately wounded.
The black bear barely misses you. The black bear claws you.
* * * LOW HITPOINT WARNING * * *
You block the black bear's attack.
You barely miss the black bear.
The black bear is moderately wounded.
The black bear bites you!
You die...

▓)▓
▓|▓
▓.▓
▓.▓
▓'▓
▓_▓
▓x▓
▓h▓
▓@▓
▓_▓
▓_▓
▓_▓
▓_▓
▓_▓
▓_▓
▓_▓
▓_▓


You could see an unseen horror (invisible) and a black bear.

Vanquished Creatures
  A troll (D)
  A vampire (D)
  2 ogres (D)
  A centaur (D)
  A shadow imp (D)
  An ooze (D)
  An adder skeleton (D)
  A giant gecko (D)
  A bat (D)
  A bat skeleton (D)
  A jackal (D)
  2 rats (D)
14 creatures vanquished.

Notes
Turn   | Place    | Note
-------+----------+-------------------------------------------
     0 | D        | Groucho the Naga Fighter began the quest for the Orb.
     0 | D        | Reached XP level 1. HP: 21/21 MP: 1/1
    19 | D        | Reached XP level 2. HP: 15/28 MP: 2/2
   366 | D        | Noticed a centaur
   372 | D        | Reached skill level 1 in Spellcasting
   390 | D        | Killed a centaur
   390 | D        | Reached skill level 5 in Fighting
   390 | D        | Reached skill level 1 in Dodging
   390 | D        | Reached XP level 3. HP: 31/39 MP: 3/6
   390 | D        | Reached XP level 4. HP: 36/46 MP: 3/7
   399 | D        | Found a glowing silver altar of Zin.
   399 | D        | Found a glowing golden altar of the Shining One.
   399 | D        | Found an ancient bone altar of Kikubaaqudgha.
   399 | D        | Found a basalt altar of Yredelemnul.
   399 | D        | Found a shimmering altar of Xom.
   399 | D        | Found a radiant altar of Vehumet.
   400 | D        | Found an iron altar of Okawaru.
   401 | D        | Found a burning altar of Makhleb.
   402 | D        | Found a deep blue altar of Sif Muna.
   403 | D        | Found a bloodstained altar of Trog.
   404 | D        | Found a sparkling altar of Nemelex Xobeh.
   405 | D        | Found a white marble altar of Elyvilon.
   406 | D        | Found a roughly hewn altar of Beogh.
   407 | D        | Found a viscous altar of Jiyva.
   408 | D        | Found a corrupted altar of Lugonu.
   409 | D        | Found a blossoming altar of Fedhas.
   410 | D        | Found a snail-covered altar of Cheibriados.
   411 | D        | Found a shadowy altar of Dithmenos.
   412 | D        | Found a stormy altar of Qazlal.
   413 | D        | Found an opulent altar of Gozag.
   414 | D        | Found a sacrificial altar of Ru.
   415 | D        | Found an oddly glowing altar of Pakellas.
   416 | D        | Found a hide-covered altar of Uskayaw.
   417 | D        | Found a hazy altar of Hepliaklqana.
   422 | D        | Became a worshipper of Cheibriados the Contemplative
   475 | D        | Noticed an unseen horror
   475 | D        | Noticed a black bear
   475 | D        | Noticed a troll
   475 | D        | Noticed a vampire
   475 | D        | Noticed an ogre
   475 | D        | Noticed an ogre
   484 | D        | Killed an ogre
   484 | D        | Reached skill level 5 in Axes
   484 | D        | Reached XP level 5. HP: 35/55 MP: 8/8
   488 | D        | Killed an ogre
   488 | D        | Reached * piety under Cheibriados
   488 | D        | Reached skill level 5 in Armour
   488 | D        | Reached XP level 6. HP: 41/63 MP: 9/9
   496 | D        | Killed a vampire
   496 | D        | Reached skill level 5 in Shields
   496 | D        | Reached skill level 5 in Invocations
   515 | D        | Killed a troll
   515 | D        | Reached XP level 7. HP: 8/73 MP: 9/11
   521 | D        | Slain by a black bear

Vault maps used:
D:        linesprint

Skill      XL: |  1  2  3  4  5  6 |
---------------+-------------------+-----
Shields        | 4 5 |  5.4
Axes           | 4 5 7 |  7.3
Armour         | 4 5 6 |  6.4
Spellcasting   | 2 |  2.2
Fighting       | 5 6 7 |  7.6
Dodging        | 1 2 3 |  3.7
Invocations    | 2 4 6 |  6.1

Action                   |  1- 3 |  4- 6 |  7- 9 || total
-------------------------+-------+-------+-------++-------
Melee: War axe           |    36 |    27 |     5 ||    68
 Abil: Spit Poison       |     5 |       |       ||     5
Evoke: Wand              |       |     1 |       ||     1
  Use: Potion            |     3 |     5 |     1 ||     9
       Scroll            |       |     1 |       ||     1
 Stab: Invisible         |       |     2 |       ||     2
Armor: Scale mail        |    14 |     5 |     7 ||    26
Dodge: Dodged            |    10 |    11 |     2 ||    23
Block: Shield            |    25 |    16 |     6 ||    47
